Map: Frozen Temple

Players

Polt

  • Race: Terran Terran

Elazer - Winner!

  • Race: Zerg Zerg

Event: DreamHack Open Tours WCS Spring Championship

VOD

Have the link to the VOD?

Description

Time

  • Played on: May 15, 2016, 11:22 a.m.
  • Length: 16:32

All games in this series

Show
View Real Time Build Order
Export as new Build Order

Polt Terran 

Build Orders: Reaper Expand, MMM Bio 

Get SALT Encoding   

  12  0:00  SCV  
  13  0:13  SCV  
  14  0:17  Supply Depot  
  14  0:25  SCV  
  15  0:38  SCV  
  15  0:40  Barracks  
  16  0:43  Refinery  
  16  0:51  SCV  
  17  1:03  SCV  
  18  1:15  SCV  
  19  1:27  Orbital Command, Reaper  
  20  1:39  Command Center  
  20  1:52  Supply Depot, SCV  
  21  1:59  Marine  
  22  2:04  SCV  
  22  2:07  Factory  
  23  2:12  Refinery  
  23  2:16  SCV  
  23  2:17  Marine  
  25  2:28  SCV  
  26  2:35  Marine  
  27  2:41  SCV  
  28  2:50  Orbital Command  
  28  2:52  Starport  
  28  2:53  SCV  
  28  2:54  Bunker, Barracks Reactor  
  28  2:55  Factory Tech Lab  
  29  3:05  SCV  
  30  3:16  Siege Tank  
  30  3:17  SCV x2  
  35  3:24  Supply Depot  
  35  3:29  SCV x2  
  35  3:31  Marine x2  
  39  3:38  Medivac  
  41  3:41  SCV x2  
  43  3:51  Command Center  
  43  3:53  SCV x2  
  45  4:01  Supply Depot  
  45  4:05  SCV x2, Stimpack  
  47  4:14  Viking  
  48  4:17  SCV x2  
  48  4:24  Factory Reactor, Marine  
  50  4:25  Barracks  
  50  4:27  Barracks  
  51  4:32  SCV x2  
  53  4:44  SCV x2, Marine, Engineering Bay  
  53  4:45  Engineering Bay  
  56  4:46  Refinery, Starport Reactor  
  56  4:47  Refinery  
  56  4:56  SCV x2  
  58  5:02  Marine  
  58  5:06  Orbital Command  
  59  5:08  SCV x2  
  59  5:10  Factory Tech Lab  
  61  5:16  Terran Infantry Weapons Level 1, Terran Infantry Armor Level 1  
  61  5:17  Marine x2  
  61  5:20  SCV x2, Marine  
  66  5:26  Marine x2  
  66  5:27  Supply Depot x2, Orbital Command  
  68  5:30  Medivac x2  
  72  5:35  SCV  
  72  5:36  SCV  
  72  5:40  Siege Tank  
  77  5:48  Marine x5  
  82  5:51  SCV x2  
  84  5:57  SCV  
  84  5:59  Supply Depot  
  84  6:00  Supply Depot  
  84  6:03  SCV  
  84  6:04  SCV  
  87  6:09  Combat Shields, SCV  
  87  6:10  Barracks  
  88  6:11  Barracks  
  88  6:15  SCV  
  88  6:16  SCV  
  88  6:18  Marine x3  
  90  6:20  Marine  
  90  6:21  Marine, Siege Tank  
  90  6:22  SCV  
  99  6:28  SCV x2  
  97  6:34  Medivac x2, SCV  
  97  6:37  Armory  
  102  6:40  Supply Depot, SCV x2  
  102  6:42  Supply Depot  
  102  6:46  SCV  
  105  6:49  Marine x2  
  105  6:50  Marine x2  
  109  6:58  SCV, Marine  
  109  7:00  SCV  
  109  7:01  SCV, Siege Tank  
  105  7:16  Marine x4  
  105  7:17  Marine, Barracks Reactor x2  
  113  7:23  Supply Depot, Barracks x2  
  113  7:24  Supply Depot  
  113  7:25  Barracks  
  113  7:26  Terran Infantry Weapons Level 2, Terran Infantry Armor Level 2  
  113  7:27  Refinery  
  110  7:34  Marine x4  
  110  7:35  Marauder  
  116  7:38  Siege Tank  
  116  7:44  Terran Vehicle Weapons Level 1  
  119  7:47  Supply Depot, Missile Turret  
  119  7:49  Concussive Shells  
  119  7:50  Supply Depot  
  119  7:53  Marine x8  
  119  7:57  Marauder  
  123  8:04  SCV x3  
  120  8:16  SCV x2  
  120  8:17  SCV  
  120  8:18  Marauder, Marine x4, Barracks Tech Lab x3  
  120  8:19  Marine x4  
  133  8:24  Medivac x2  
  137  8:44  Marauder x2, Marine x4  
  137  8:45  Marauder x2, Marine x4  
  152  8:48  Supply Depot  
  152  8:49  Supply Depot x2, SCV x2  
  153  8:56  SCV  
  153  9:01  SCV x2  
  149  9:11  Marine x4  
  149  9:12  Marauder x2, Marine x2  
  149  9:15  Marine x2  
  149  9:16  Marine x2  
  163  9:23  Medivac  
  163  9:24  Medivac  
  167  9:42  Marauder x4, Marine x8  
  162  9:53  Medivac  
  162  9:54  Medivac  
  166  10:01  Marine x6  
  166  10:03  Marauder x3, Marine x3  
  128  10:21  Orbital Command  
  128  10:23  Medivac  
  128  10:24  Medivac  
  120  10:34  Marauder x4, Marine x4  
  120  10:35  Marine x2  
  120  10:37  Marine x2  
  106  10:47  SCV x3  
  101  11:07  Liberator x2  
  89  11:12  Marauder x4, Marine x7  
  109  11:40  Ghost Academy  
  109  11:42  Marauder x3  
  109  11:43  Marauder, Marine x6  
  109  11:46  Marine  
  122  11:49  Marine  
  122  11:51  Liberator x2  
  123  11:57  Terran Infantry Weapons Level 3  
  118  12:41  Ghost x2  
  118  12:42  Ghost x2  
  126  12:55  Marine x6  
  126  12:58  Marine x2  
  132  13:18  Liberator x2  
  126  13:22  Ghost x4  
  134  13:55  Ghost x3  
  134  13:56  Ghost  
  142  14:06  Orbital Command  
  134  14:13  Personal Cloaking  
  128  14:20  Orbital Command  
  121  14:45  Ghost x2  
  121  14:46  Ghost x2  
  121  14:49  SCV x3  
  132  14:53  Marine x2  
  132  14:54  Marine x2  
  136  15:01  Marine x3  
  136  15:03  Marine  
  130  15:25  Marine x2  
  130  15:26  Marine x10  
  67  16:03  Orbital Command  
Show
View Real Time Build Order
Export as new Build Order

Elazer Zerg - Winner!

Build Orders: Hatch First 

Get SALT Encoding   

  12  0:00  Drone  
  13  0:13  Overlord  
  13  0:17  Drone  
  14  0:31  Drone x2  
  14  0:35  Drone  
  17  0:52  Hatchery  
  17  0:54  Drone  
  17  0:57  Drone  
  18  1:08  Extractor  
  17  1:12  Spawning Pool  
  17  1:15  Drone  
  18  1:18  Drone  
  18  1:28  Drone  
  19  1:39  Overlord  
  19  1:58  Queen  
  19  1:59  Zergling x2  
  19  2:01  Zergling x2  
  23  2:04  Queen, Drone  
  26  2:09  Metabolic Boost  
  26  2:12  Drone  
  26  2:14  Drone  
  28  2:24  Drone  
  28  2:25  Drone, Extractor  
  29  2:32  Drone  
  29  2:36  Drone  
  31  2:39  Queen  
  31  2:43  Overlord  
  33  2:46  Extractor  
  33  2:47  Drone  
  34  2:55  Drone  
  34  2:58  Drone  
  37  3:05  Extractor  
  37  3:07  Drone x2  
  37  3:08  Overlord, Drone  
  37  3:09  Drone  
  40  3:13  Drone x2  
  40  3:15  Queen  
  44  3:33  Drone x2  
  46  3:34  Drone x2  
  46  3:38  Drone x2  
  46  3:40  Extractor, Hatchery  
  48  3:44  Overlord  
  48  3:45  Drone x2  
  50  3:52  Queen  
  52  3:58  Overlord  
  52  4:05  Drone x2  
  52  4:06  Zergling x2  
  52  4:07  Zergling x2  
  52  4:08  Drone  
  52  4:09  Drone x3  
  60  4:15  Evolution Chamber, Drone  
  60  4:16  Evolution Chamber  
  59  4:18  Overlord  
  59  4:24  Drone x3  
  61  4:33  Overlord  
  61  4:37  Drone  
  62  4:41  Zerg Melee Weapons Level 1, Drone x2  
  62  4:42  Zerg Ground Armor Level 1  
  62  4:43  Drone x3  
  67  4:50  Lair  
  67  4:51  Drone  
  68  4:56  Drone x2  
  70  5:01  Overlord  
  70  5:06  Zergling x2  
  71  5:09  Zergling x6  
  71  5:12  Drone  
  74  5:14  Roach Warren  
  74  5:16  Zergling x2  
  74  5:17  Zergling x4  
  76  5:22  Overlord  
  76  5:24  Overlord  
  76  5:25  Extractor  
  75  5:32  Hatchery  
  74  5:37  Overlord, Drone  
  74  5:38  Drone x6  
  79  5:48  Overlord  
  79  5:49  Drone  
  79  5:50  Drone x3  
  79  5:54  Drone  
  82  5:57  Glial Reconstitution  
  82  6:00  Roach x4  
  82  6:01  Extractor  
  86  6:07  Roach x4, Extractor  
  93  6:12  Drone x3  
  93  6:13  Drone  
  93  6:16  Roach x2  
  93  6:17  Infestation Pit  
  100  6:24  Overlord  
  99  6:28  Roach x2  
  99  6:32  Zergling x12  
  106  6:33  Zergling x2  
  106  6:35  Overlord  
  106  6:37  Zerg Ground Armor Level 2, Zerg Melee Weapons Level 2  
  107  6:40  Zergling x2  
  107  6:41  Zergling x6  
  107  6:42  Ravager  
  112  6:48  Zergling x6  
  115  6:55  Ravager x2  
  115  6:57  Hive  
  115  6:58  Zergling x8  
  120  7:05  Overlord  
  120  7:07  Zergling x14  
  124  7:14  Overlord  
  118  7:16  Overlord  
  118  7:19  Overlord  
  118  7:20  Infestor  
  120  7:23  Hatchery  
  120  7:28  Infestor x2  
  123  7:30  Ravager  
  123  7:31  Ravager  
  123  7:32  Zergling x6  
  128  7:42  Roach x3  
  134  7:44  Overlord  
  134  7:49  Zergling x4  
  136  7:56  Zergling x4  
  136  8:02  Zergling x14  
  137  8:19  Adrenal Glands  
  137  8:20  Overlord  
  137  8:21  Ultralisk Cavern  
  136  8:27  Overlord  
  136  8:28  Drone x3  
  136  8:29  Drone x3  
  136  8:33  Ravager x2  
  144  8:37  Zergling x2  
  144  8:38  Zergling x10  
  149  8:43  Overlord  
  149  8:45  Extractor x2  
  147  8:51  Zergling x14  
  147  8:53  Ravager x3  
  156  8:59  Overlord  
  154  9:06  Zergling x4  
  154  9:07  Zergling x10  
  154  9:08  Chitinous Plating  
  156  9:11  Ultralisk x3  
  174  9:19  Ultralisk  
  174  9:24  Zergling x12  
  183  9:29  Ultralisk, Hatchery  
  183  9:31  Zergling x4  
  192  9:45  Ultralisk  
  179  9:46  Zergling x14  
  185  9:55  Ultralisk  
  185  9:56  Zergling x4  
  191  10:11  Ultralisk x2  
  193  10:18  Ultralisk  
  175  10:21  Zergling x4  
  175  10:22  Zergling x4  
  163  10:28  Ultralisk  
  163  10:32  Zergling x8  
  168  10:39  Zergling x2  
  168  10:40  Zergling x10  
  159  10:45  Zergling x4  
  159  10:46  Nydus Network  
  159  10:48  Drone x3  
  163  10:53  Drone x2  
  163  10:54  Drone x3  
  164  10:57  Drone x3  
  138  11:16  Ultralisk x2  
  145  11:21  Ultralisk, Extractor  
  147  11:28  Overlord  
  147  11:29  Drone x3  
  147  11:31  Zergling x6  
  147  11:32  Zergling x6  
  156  11:34  Overseer  
  156  11:36  Zergling x2  
  156  11:37  Zergling x8  
  157  11:42  Overseer  
  152  11:50  Zerg Melee Weapons Level 3  
  152  11:51  Spire  
  147  11:57  Nydus Canal  
  147  11:58  Ultralisk  
  147  12:00  Zergling x2  
  147  12:01  Zergling x12  
  149  12:33  Extractor  
  149  12:35  Extractor  
  149  12:37  Spine Crawler, Spore Crawler  
  146  12:38  Drone x3  
  146  12:40  Drone x3  
  146  12:42  Spine Crawler, Spore Crawler  
  149  12:45  Nydus Canal  
  149  12:50  Zergling x18  
  158  12:53  Infestor x3  
  164  13:02  Zergling x2, Ultralisk  
  164  13:03  Zergling x18  
  180  13:06  Greater Spire  
  180  13:07  Overlord  
  177  13:17  Drone x2  
  177  13:18  Drone x2, Hatchery  
  166  13:27  Corruptor x3  
  166  13:28  Corruptor x2  
  175  13:43  Corruptor x2  
  175  13:44  Corruptor  
  181  13:49  Corruptor  
  177  14:08  Corruptor x3  
  180  14:14  Nydus Canal  
  180  14:15  Zergling x8  
  184  14:20  Corruptor  
  170  14:34  Brood Lord x3  
  177  14:38  Brood Lord  
  177  14:43  Brood Lord  
  179  14:48  Brood Lord x2  
  183  14:54  Corruptor x2  
  183  14:58  Brood Lord  
  189  15:03  Zergling x8  
  189  15:17  Lair x3  
  189  15:18  Zergling x8  
  181  15:28  Ultralisk  
  179  15:33  Ultralisk  
  159  15:37  Zergling x4  
  159  15:38  Zergling x6  
  158  15:46  Corruptor x2  
  158  15:56  Corruptor  
  141  16:01  Hatchery  
  141  16:03  Corruptor x2  

Tags
 
Add a new tag
Caveats
  • Supply blocks, unpowered buildings, or Contaminate may cause inaccurate times.
  • Supply counts are checked every 10 seconds.